 Dungeon Crawl Stone Soup version 0.29.1-13-g9f3cf754e1 (webtiles) character file.

Game seed: 2309680827880972696

83 Thatpatchoflichen the Trooper (level 4, -1/41 HPs)
             Began as a Hill Orc Fighter on Jan 26, 2023.
             Slain by a gnoll
             ... wielding a +0 whip
              (2 damage)
             ... on level 2 of the Dungeon.
             The game lasted 00:03:38 (1726 turns).

Thatpatchoflichen the Trooper (Hill Orc Fighter)    Turns: 1726, Time: 00:03:39

Health: -1/41      AC:  7    Str: 20    XL:     4   Next: 44%
Magic:  4/4        EV:  5    Int:  8    God:
Gold:   217        SH: 14    Dex: 10    Spells: 3/3 levels left

rFire   . . .      SeeInvis .   a - +0 war axe
rCold   + . .      Faith    .   n - +2 tower shield
rNeg    . . .      Spirit   .   b - +0 scale mail
rPois   .          Reflect  .   (no helmet)
rElec   .          Harm     .   (no cloak)
rCorr   .          Rampage  .   (no gloves)
Will    .....                   (no boots)
Stlth   ..........              (no amulet)
HPRegen 0.13/turn               j - ring of protection from cold
MPRegen 0.09/turn               (no ring)

@: on berserk cooldown, slowed, very slow
A: no striking features
a: no special abilities


You were on level 2 of the Dungeon.
You visited 1 branch of the dungeon, and saw 3 of its levels.

You collected 217 gold pieces.

Inventory:

Hand Weapons
 a - a +0 war axe (weapon)
Armour
 b - a +0 scale mail (worn)
 c - a +0 buckler
 n - a +2 tower shield (worn)
Jewellery
 j - a ring of protection from cold (left hand)
Scrolls
 e - a scroll of summoning {unknown}
 g - a scroll of amnesia {unknown}
 k - 3 scrolls of identify {unknown}
 p - a scroll of teleportation {unknown}
Potions
 d - 3 potions of might
 f - a potion of attraction {unknown}
 h - a potion of mutation {unknown}
 i - a potion of berserk rage
 l - a potion of flight {unknown}
 m - a potion of cancellation {unknown}
 o - a potion of curing {unknown}


   Skills:
 + Level 4.4 Fighting
 + Level 3.6 Axes
 + Level 3.9 Armour
 * Level 4.1 Shields


You had 3 spell levels left.
You didn't know any spells.
Your spell library contained the following spells:

 Spells                   Type           Power      Damage    Failure   Level
 Apportation              Tloc           0%         N/A       100%        1
 Necrotise                Necr           0%         1d4       100%        1
 Summon Small Mammal      Summ           0%         N/A       100%        1
 Dazzling Flash           Conj/Hex       0%         N/A       100%        3
 Agony                    Necr           0%         N/A       100%        5
 Silence                  Hex/Air        0%         N/A       100%        5


Dungeon Overview and Level Annotations

Branches:
Dungeon (3/15)

Altars:

Shops:
D:1 =


Message History

Your Shields skill increases to level 4!
The gnoll hits you with a +1 vorpal halberd.
Things that are here:
a +0 club; a gnoll corpse You slash the gnoll!
The gnoll is severely wounded.
You block the gnoll's attack. x2
You hit the gnoll.
The gnoll is severely wounded.
The gnoll hits you with a +1 vorpal halberd.
* * * LOW HITPOINT WARNING * * *
x2 The gnoll hits you with a +1 vorpal halberd.
* * * LOW HITPOINT WARNING * * *
x2 You slash the gnoll!
You kill the gnoll!
You hit the gnoll but do no damage. The gnoll hits you but does no damage.
The gnoll hits you with a +0 whip.
* * * LOW HITPOINT WARNING * * *
The gnoll attacks as you move away! You block the gnoll's attack.
You barely miss the gnoll. The gnoll barely misses you.
You block the gnoll's attack.
You barely miss the gnoll. You block the gnoll's attack. x2
It was a potion of berserk rage.
A red film seems to cover your vision as you go berserk!
You feel yourself moving faster!
You feel mighty! The gnoll hits you with a +0 whip.
* * * LOW HITPOINT WARNING * * *
You feel a strong urge to attack something.
You feel your anger nearly subside.
You are no longer berserk.
You are exhausted.
You feel yourself slow down. The gnoll attacks as you move away!
You block the gnoll's attack. The gnoll hits you with a +0 whip.
* * * LOW HITPOINT WARNING * * *
The gnoll attacks as you move away! You block the gnoll's attack.
The gnoll attacks as you move away! The gnoll hits you but does no damage.
The gnoll hits you with a +0 whip.
* * * LOW HITPOINT WARNING * * *
The gnoll hits you with a +0 whip.
You die...

.# .# .+ .#
#####################
#...gSg@............#
#.#################.#
#.#<.......# #.#
#g########.# #.# #S#
#.# #.# #.# #.# #.#
#.# #.# #.# #.#
#.########.#
#########.#
#..........#


You could see 2 gnolls and a ball python.

Vanquished Creatures
  2 gnolls (D:2)
  An adder (D:2)
  A worm (D:2)
  2 dart slugs
  6 endoplasms
  A giant cockroach (D:1)
  12 goblins
  5 hobgoblins
  2 jackals (D:1)
  A kobold (D:1)
  A ball python (D:1)
  3 bats
  3 frilled lizards
  A rat (D:1)
41 creatures vanquished.

Notes
Turn   | Place    | Note
-------+----------+-------------------------------------------
     0 | D:1      | Thatpatchoflichen the Hill Orc Fighter began the quest for
                  | the Orb.
     0 | D:1      | Reached XP level 1. HP: 19/19 MP: 1/1
   170 | D:1      | Found Jaaf Usk's Jewellery Emporium.
   184 | D:1      | Reached XP level 2. HP: 18/27 MP: 2/2
  1171 | D:2      | Reached XP level 3. HP: 33/33 MP: 3/3
  1558 | D:2      | Reached XP level 4. HP: 38/40 MP: 4/4
  1722 | D:2      | HP: 2/41 [gnoll/+0 whip (3)]
  1726 | D:2      | Slain by a gnoll

Illustrated notes

Levels and vault maps discovered:
D:1:      minmay_arrival_nine_rooms, layout_basic, serial_shops, shop
D:2:      cheibrodos_greedy_goblins, layout_basic
D:3:      layout_loops_corners, nemelex_xobeh_ov_fountains_minmay,
          hellmonk_ecumenical_altar_crossroads, minmay_ruptured

Skill      XL: |  1  2  3  4 |
---------------+-------------+-----
Axes           | 3 |  3.6
Fighting       | 4 |  4.4
Shields        | 4 |  4.1
Armour         | |  3.9

Action                   |  1- 3 |  4- 6 || total
-------------------------+-------+-------++-------
Melee: War axe           |    89 |    20 ||   109
  Use: Potion            |       |     1 ||     1
Armor: Scale mail        |    55 |     6 ||    61
Dodge: Dodged            |    57 |     3 ||    60
Block: Buckler           |    22 |       ||    22
       Tower shield      |    17 |    19 ||    36
